 Dungeon Crawl Stone Soup version 0.31-a0-1589-g8f5e8aebd6 (webtiles) character file.

Game seed: 11758269649324841114

1376 Dirian the Grappler (level 8, -2/108 HPs)
             Began as a Troll Shapeshifter on Jan 6, 2024.
             Slain by a vampire mosquito (4 damage)
             ... on level 6 of the Dungeon.
             The game lasted 00:06:06 (4514 turns).

Dirian the Grappler (Troll Shapeshifter)            Turns: 4514, Time: 00:06:06

Health: -2/108     AC: 24    Str: 25    XL:     8   Next: 39%
Magic:  7/7        EV:  1    Int:  6    God:
Gold:   362        SH:  0    Dex:  9    Spells: 7/7 levels left

rFire   . .          .
                       - Unarmed
rCold   . . .        (no shield)
rNeg    . . .        a - melded +0 animal skin
rPois   +            (helmet currently unavailable)
rElec   .            (cloak currently unavailable)
rCorr   .            (gloves unavailable)
SInv    .            (boots unavailable)
Will    .....        (no amulet)
Stlth   +            (no ring)
HPRegen 1.18/turn    (no ring)
MPRegen 0.10/turn

%: no passive effects
@: mighty, tree-form
A: stationary, stasis, torment immunity, boosted hp, large, unfitting armour,
(claws 3), regeneration 1, (shaggy fur 1), (tough skin 1)
a: no special abilities


You were on level 6 of the Dungeon.
You were a tree.
You visited 1 branch of the dungeon, and saw 6 of its levels.

You collected 362 gold pieces.

Inventory:

Missiles
 l - 4 javelins
Armour
 a - a +0 animal skin (melded)
 g - a +0 cloak
 j - a +0 pair of boots
Jewellery
 k - a ring of ice
Talismans
 c - a beast talisman (active)
 o - a flux talisman
Wands
 m - a wand of flame (13)
 p - a wand of paralysis (6)
Scrolls
 e - a scroll of enchant weapon
 f - a scroll of noise
 n - a scroll of immolation
Potions
 h - a potion of ambrosia
 i - a potion of cancellation
 r - a potion of mutation {unknown}


   Skills:
 + Level 2.1 Fighting
 + Level 3.5 Dodging
 + Level 8.0 Unarmed Combat
 * Level 5.8 Shapeshifting


You had 7 spell levels left.
You didn't know any spells.
Your spell library was empty.

Dungeon Overview and Level Annotations

Branches:
Dungeon (6/15) Zot: 26879
 Temple: D:4-7

Altars:
Fedhas
Sif Muna
Zin


Innate Abilities, Weirdness & Mutations

You are a tree.
Your roots penetrate the ground, keeping you stationary.
You cannot be teleported.
You are immune to unholy pain and torment.
Your maximum health is greatly increased.
Your equipment is partially melded.
You are too large for most types of armour.
((You have claws for hands.))
Your natural rate of healing is unusually fast.
((You are covered in fur. (AC +1)))
((You have tough skin. (AC +1)))


Message History

You feel better.
The vampire mosquito bites you but does no damage. x3
You closely miss the vampire mosquito. Your punch misses the vampire mosquito.
The vampire mosquito is moderately damaged.
The vampire mosquito bites you but does no damage.
The vampire mosquito bites you.
* * * LOW HITPOINT WARNING * * *
The vampire mosquito draws strength from your injuries!
The vampire mosquito bites you but does no damage.
You barely miss the vampire mosquito.
The vampire mosquito is moderately damaged.
The vampire mosquito bites you.
* * * LOW HITPOINT WARNING * * *
The vampire mosquito draws strength from your injuries!
The vampire mosquito bites you but does no damage. x3
You miss the vampire mosquito.
The vampire mosquito is moderately damaged.
The vampire mosquito bites you but does no damage.
The vampire mosquito barely misses you.
You feel better. The vampire mosquito bites you.
* * * LOW HITPOINT WARNING * * *
The vampire mosquito draws strength from your injuries!
The vampire mosquito bites you.
* * * LOW HITPOINT WARNING * * *
The vampire mosquito draws strength from your injuries!
The vampire mosquito bites you but does no damage.
The vampire mosquito bites you.
* * * LOW HITPOINT WARNING * * *
The vampire mosquito draws strength from your injuries!
You pummel the vampire mosquito!!
You destroy the vampire mosquito!
The vampire mosquito bites you.
* * * LOW HITPOINT WARNING * * *
The vampire mosquito draws strength from your injuries!
The vampire mosquito bites you but does no damage.
Your Unarmed Combat skill increases to level 8!
You pummel the vampire mosquito!!
The vampire mosquito is severely damaged.
The vampire mosquito bites you.
You die...

#.....#...#
#..$[.#...#
#)?.(.#...#
#..!..#...#
#.....#...#
#.....#...#
#...##...#
#.Yy#....#
#.)♣#...##
##......#
#......#
####...#
#####


You could see a vampire mosquito and an ice beast.

Vanquished Creatures
  2 vampire mosquitoes (D:6)
  2 ogres
  A centaur (D:6)
  7 scorpions
  A hound (D:4)
  A jelly (D:4)
  A bombardier beetle (D:4)
  6 iguanas
  Robin (D:3)
  9 adders
  A white imp (D:5)
  3 dart slugs
  11 orcs
  6 ball pythons
  12 bats
  6 endoplasms
  2 giant cockroaches
  19 hobgoblins
  12 kobolds
  4 quokkas
  5 frilled lizards
  24 goblins
  6 rats
142 creatures vanquished.

Notes
Turn   | Place    | Note
-------+----------+-------------------------------------------
     0 | D:1      | Dirian the Troll Shapeshifter began the quest for the Orb.
     0 | D:1      | Reached XP level 1. HP: 18/18 MP: 0/0
   157 | D:1      | Reached XP level 2. HP: 26/26 MP: 1/1
   411 | D:1      | Reached XP level 3. HP: 32/32 MP: 2/2
   485 | D:1      | Reached skill level 1 in Fighting
   815 | D:2      | Found a shimmering blue altar of Sif Muna.
   906 | D:2      | Reached XP level 4. HP: 41/41 MP: 3/3
  1381 | D:3      | Reached skill level 4 in Unarmed Combat
  1590 | D:3      | Noticed Robin
  1619 | D:3      | Killed Robin
  1620 | D:3      | Reached XP level 5. HP: 38/48 MP: 4/4
  2387 | D:4      | Noticed an ogre
  2394 | D:4      | Killed an ogre
  2447 | D:4      | Reached skill level 5 in Unarmed Combat
  2447 | D:4      | Reached XP level 6. HP: 48/55 MP: 5/5
  2492 | D:3      | Found a blossoming altar of Fedhas.
  2492 | D:3      | Found a glowing silver altar of Zin.
  2960 | D:5      | Entered Level 5 of the Dungeon
  3287 | D:5      | Reached skill level 6 in Unarmed Combat
  3287 | D:5      | Reached XP level 7. HP: 62/62 MP: 6/6
  3351 | D:5      | Reached skill level 5 in Shapeshifting
  3832 | D:5      | Reached skill level 7 in Unarmed Combat
  3841 | D:5      | Found the +11 Singing Sword {sonic wave}
  3904 | D:5      | Reached XP level 8. HP: 70/72 MP: 7/7
  4505 | D:6      | HP: 1/108 [vampire mosquito (9)]
  4510 | D:6      | HP: 4/108 [vampire mosquito (6)]
  4513 | D:6      | HP: 1/108 [vampire mosquito (2)]
  4514 | D:6      | Reached skill level 8 in Unarmed Combat
  4514 | D:6      | Slain by a vampire mosquito

Illustrated notes

Levels and vault maps discovered:
D:1:      minmay_arrival_split_and_join, layout_basic
D:2:      layout_basic, basic_altar
D:3:      layout_basic, nicolae_overflow_hidden_temple, uniq_robin
D:4:      cheibrodos_greedy_goblins, layout_loops_ring
D:5:      old_forge, layout_basic, kennysheep_nondescript
D:6:      kennysheep_spiral_hall, layout_loops_ring,
          minmay_temple_entry_gardened_gates

Skill      XL: |  1  2  3  4  5  6  7  8 |
---------------+-------------------------+-----
Fighting       | 1 2 |  2.1
Dodging        | 2 3 |  3.5
Unarmed Combat | 4 5 6 7 8 |  8.0
Shapeshifting  | 4 5 |  5.8

Action                     |  1- 3 |  4- 6 |  7- 9 || total
---------------------------+-------+-------+-------++-------
  Melee: Unarmed           |    77 |   151 |   101 ||   329
         Punch             |       |     1 |     3 ||     4
    Use: Scroll            |       |     9 |     1 ||    10
         Potion            |       |       |     4 ||     4
   Stab: Sleeping          |     1 |       |       ||     1
 Armour: Animal skin       |    46 |    96 |    86 ||   228
         Skin              |       |       |    40 ||    40
  Dodge: Dodged            |    28 |    53 |    80 ||   161
   Form: Beast             |     1 |       |       ||     1

Table legend: (Time is in decaauts)
 A = Elapsed time spent in this place.
 B = Non-inter-level travel time spent in this place.
 C = Inter-level travel time spent in this place.
 D = Time resting spent in this place.
 E = Time spent auto-exploring this place.
 F = Levels seen in this place.
 G = Mean time per level.
                   A        B        C        D        E       F      G
               +--------+--------+--------+--------+--------+-----+--------+
         Total |   4482 |   4180 |    302 |      0 |   3451 |   6 |  747.0 |
       Dungeon |   4482 |   4180 |    302 |      0 |   3451 |   6 |  747.0 |
               +--------+--------+--------+--------+--------+-----+--------+

Top non-repeatable levels by time:
     D:5: 1419 daAuts
     D:3: 900 daAuts
     D:1: 789 daAuts
     D:4: 724 daAuts
     D:2: 529 daAuts
     D:6: 119 daAuts
